 Dungeon Crawl Stone Soup version 0.24-a0-441-g27f0392e16 (webtiles) character file.

Game seed: 10602302923949515562

397 KristoblXynda the Slasher (level 6, 0/52 HPs)
             Began as a Draconian Gladiator on June 19, 2019.
             Was an Initiate of Fedhas.
             Slain by an ogre
             ... wielding a +0 giant club
              (15 damage)
             ... on level 4 of the Dungeon.
             The game lasted 00:05:03 (2832 turns).

KristoblXynda the Slasher (Draconian Gladiator)     Turns: 2832, Time: 00:05:03

Health: 0/52       AC:  6    Str: 17    XL:     6   Next: 53%
Magic:  7/7        EV: 14    Int: 10    God:    Fedhas [......]
Gold:   163        SH:  0    Dex: 15    Spells: 5/5 levels left

rFire    . . .     SeeInvis .   a - +0 long sword
rCold    . . .     Gourm    .   (no shield)
rNeg     . . .     Faith    .   (armour unavailable)
rPois    .         Spirit   .   b - +0 hat
rElec    .         Reflect  .   (no cloak)
rCorr    .         Harm     .   (no gloves)
MR       +....                  (no boots)
Stlth    +.........             (no amulet)
HPRegen  0.17/turn              k - +3 ring of dexterity
MPRegen  0.10/turn              l - ring of protection from magic

@: no status effects
A: unfitting armour, cold-blooded, AC +6
a: Fungal Bloom, Renounce Religion


You were on level 4 of the Dungeon.
You worshipped Fedhas.
Fedhas was noncommittal.
You were not hungry.

You visited 1 branch of the dungeon, and saw 4 of its levels.

You collected 163 gold pieces.

Inventory:

Hand Weapons
 a - a +0 long sword (weapon)
Missiles
 c - a throwing net (quivered)
Armour
 b - a +0 hat (worn)
Jewellery
 k - a +3 ring of dexterity (left hand)
 l - a ring of protection from magic (right hand)
 s - a +5 ring of intelligence
Scrolls
 e - 2 scrolls of remove curse
 f - a scroll of enchant weapon {unknown}
 h - 2 scrolls of random uselessness {unknown}
 j - 3 scrolls of identify
 n - a scroll of magic mapping {unknown}
 p - a scroll of amnesia {unknown}
 q - a scroll of teleportation
 r - a scroll of fear {unknown}
Potions
 g - a potion of heal wounds
 i - a potion of mutation
 m - a potion of flight
 o - a potion of resistance
 t - a potion of degeneration {unknown}
Comestibles
 d - 8 rations


   Skills:
 + Level 4.2 Fighting
 + Level 5.1 Long Blades
 - Level 2.0 Throwing
 + Level 4.1 Dodging
 + Level 1.9 Invocations


You had 5 spell levels left.
You didn't know any spells.
Your spell library was empty.

Dungeon Overview and Level Annotations

Branches:
Dungeon (4/15)
 Temple: D:4-7

Altars:
Fedhas

Shops:
D:4 %


Innate Abilities, Weirdness & Mutations

Your plain brown scales are hard. (AC +6)
You cannot fit into any form of body armour.
You are cold-blooded and may be slowed by cold attacks.


Message History

The ogre struggles against the net.
You barely miss the ogre. You tail-slap the ogre.
You kill the ogre!
Your Dodging skill increases to level 4!
You slash the ogre!
The ogre is moderately wounded.
The ogre hits you with a +0 giant club!!
You slash the ogre!
The ogre is severely wounded.
The ogre closely misses you.
You hit the ogre.
The ogre is almost dead.
The ogre hits you with a +0 giant club!!
* * * LOW HITPOINT WARNING * * *
You hit the ogre but do no damage.
You tail-slap the ogre, but do no damage.
The ogre is almost dead.
The ogre hits you with a +0 giant club!
You die...
Fedhas appreciates your contribution to the ecosystem.

#.# #....... #.###.....##
########...<......
#...).....(.......
##.#######.########
#...>........#
#..#######.#.# ########.O#
#.#.# #........@# #.#.##
#.#######.# #....# # #.#
#.#..# .# #.# #.#..##.# #.
#.# #.#...#.##
##.#######.#######.........
#..........#.............##
#.............########.#.#
#.#..####......## #.#.#


You could see an ogre.

Vanquished Creatures
  An ogre (D:4)
  3 orc priests (D:2)
  A hound (D:4)
  2 worker ants (D:4)
  9 adders
  A worm (D:2)
  5 leopard geckos
  3 orcs
  2 ball pythons
  7 bats
  3 giant cockroaches
  7 goblins
  6 hobgoblins
  A quokka (D:2)
  A ball python zombie (D:1)
  7 frilled lizards
  5 kobolds
  A quokka zombie (D:1)
  4 rats (D:1)
69 creatures vanquished.

Vanquished Creatures (others)
  24 toadstools
24 creatures vanquished.

Grand Total: 93 creatures vanquished

Notes
Turn   | Place    | Note
-------+----------+-------------------------------------------
     0 | D:1      | KristoblXynda the Draconian Gladiator began the quest for
                  | the Orb.
     0 | D:1      | Reached XP level 1. HP: 17/17 MP: 1/1
   196 | D:1      | Reached XP level 2. HP: 25/25 MP: 2/2
   683 | D:2      | Reached XP level 3. HP: 27/30 MP: 3/3
  1038 | D:2      | Reached XP level 4. HP: 32/38 MP: 4/4
  1084 | D:2      | Reached skill level 4 in Long Blades
  1378 | D:2      | Found a blossoming altar of Fedhas.
  1397 | D:2      | Reached XP level 5. HP: 26/45 MP: 5/5
  1414 | D:2      | Became a worshipper of Fedhas Madash
  2376 | D:4      | Reached skill level 1 in Invocations
  2383 | D:4      | Noticed a phantom
  2448 | D:4      | Reached XP level 6. HP: 26/52 MP: 6/6
  2613 | D:4      | Found Mainye's Food Emporium.
  2625 | D:4      | Reached skill level 5 in Long Blades
  2832 | D:4      | Slain by an ogre

Levels and vault maps discovered:
D:1:      saegor_arrival_fortress, layout_basic,
          hangedman_abyss_or_decor_lesser_grid, nrook_campfire,
          chequers_serial_rivers_micro_d, minmay_misc_feat_x
D:2:      layout_basic, overflow_temple_1_default
D:3:      layout_rooms, grunt_decor_arrowhead
D:4:      layout_loops_ring, minitemple, lemuel_zombie_altar_kikubaaqudgha,
          serial_shops, shop

Skill      XL: |  1  2  3  4  5  6 |
---------------+-------------------+-----
Throwing       | 2 |  2.0
Dodging        | 3 4 |  4.1
Fighting       | 3 4 |  4.2
Long Blades    | 4 5 |  5.1
Invocations    | 1 |  1.9

Action                   |  1- 3 |  4- 6 || total
-------------------------+-------+-------++-------
Melee: Long sword        |    82 |   127 ||   209
       Tailslap          |    14 |    29 ||    43
Throw: Throwing net      |       |     2 ||     2
Invok: Fungal Bloom      |       |    10 ||    10
  Use: Scroll            |       |     6 ||     6
 Stab: Sleeping          |     1 |     2 ||     3
       Distracted        |       |     1 ||     1
       Held in net/web   |       |     2 ||     2
  Eat: Chunk             |     1 |     3 ||     4
       Ration            |       |     1 ||     1
Armor: Skin              |    28 |    33 ||    61
Dodge: Dodged            |    82 |    95 ||   177
       Rpst.: Long sword |    30 |    28 ||    58

Table legend:
 A = Non-vault XP
 B = Vault XP
 C = Vault XP percentage of total XP
 D = Non-vault monster count
 E = Vault monster count
 F = Vault count percentage of total count
                 A         B        C        D         E       F
            +---------+---------+-------+---------+---------+-------
      Total |     566 |       2 |   0.4 |      67 |       2 |   2.9
            +---------+---------+-------+---------+---------+-------
        D:1 |      25 |       2 |   7.4 |      17 |       2 |  10.5
        D:2 |     266 |       0 |   0.0 |      28 |       0 |   0.0
        D:3 |      42 |       0 |   0.0 |      17 |       0 |   0.0
        D:4 |     233 |       0 |   0.0 |       5 |       0 |   0.0
            +---------+---------+-------+---------+---------+-------
